 Seeded DCSS version 0.29-a0-520-gc852659d43 (webtiles) character file.

Game seed: 9552341793505258686 (custom seed)

11 zeratav the Digger (level 2, -2/17 HPs)
             Began as an Octopode Earth Elementalist on May 31, 2022.
             Slain by a hobgoblin (4 damage)
             ... on level 1 of the Dungeon.
             The game lasted 00:00:37 (362 turns).

zeratav the Digger (Octopode Earth Elementalist)     Turns: 362, Time: 00:00:38

Health: -2/17      AC:  1    Str:  7    XL:     2   Next: 25%
Magic:  5/5        EV: 13    Int: 17    God:
Gold:   20         SH:  0    Dex: 12    Spells: 4/5 levels left

rFire   . . .      SeeInvis .   e - +0 short sword {short}
rCold   . . .      Faith    .   (no shield)
rNeg    . . .      Spirit   .   (helmet restricted)
rPois   .          Reflect  .   (no amulet)
rElec   .          Harm     .   (no ring)
rCorr   .          Rampage  .   (no ring)
Will    .....                   (no ring)
Stlth   ++++......              (no ring)
HPRegen 0.05/turn               (no ring)
MPRegen 0.09/turn               (no ring)
                                (no ring)
                                (no ring)

@: no status effects
A: almost no armour, amphibious, 8 rings, camouflage 1, gelatinous body 1,
nimble swimmer 1, tentacles
a: no special abilities


You were on level 1 of the Dungeon.
You visited 1 branch of the dungeon, and saw 1 of its levels.

You collected 20 gold pieces.


Innate Abilities, Weirdness & Mutations

You cannot wear most types of armour.
You are amphibious.
You can wear up to eight rings at the same time.
Your skin changes colour to match your surroundings (Stealth+).
Your rubbery body absorbs attacks. (AC +1, EV +1)
You are camouflaged when in or above water. (Stealth+)
You have tentacles for arms and can constrict up to eight enemies at once.


   Skills:
 - Level 2.0 Dodging
 - Level 2.6 Stealth
 + Level 2.2 Spellcasting
 - Level 1.0 Transmutations
 * Level 3.4 Earth Magic


You had 4 spell levels left.
You knew the following spells:

 Your Spells              Type           Power      Damage    Failure   Level
a - Sandblast             Erth           26%        2d8       4%          1

Your spell library contained the following spells:

 Spells                   Type           Power      Damage    Failure   Level
 Passwall                 Tmut/Erth      7%         N/A       12%         2
 Stone Arrow              Conj/Erth      14%        3d7       28%         3
 Petrify                  Tmut/Erth      9%         N/A       58%         4

Inventory:

Hand Weapons
 e - a +0 short sword (weapon) {short}
   (You found it on level 1 of the Dungeon)
Missiles
 a - 29 stones {throwing}
Scrolls
 c - a scroll of amnesia {unknown}
Potions
 b - a potion of magic
 d - a potion of heal wounds {unknown}

Dungeon Overview and Level Annotations

Branches:
Dungeon (1/15)

Altars:

################
#######........#......
##....................)
##..........≈.P.....≈≈.P
##.........≈≈≈≈≈≈.≈≈.≈≈≈P
......≈≈≈≈≈≈†≈≈≈≈≈≈≈≈≈≈≈≈
.......≈≈≈≈≈≈≈≈≈≈≈≈≈≈≈≈≈≈
..≈≈≈P≈g≈≈≈≈≈≈≈≈P≈≈≈≈≈≈P≈
.≈.≈≈≈≈≈@≈≈≈≈≈≈≈...≈≈.≈≈≈
.≈≈≈≈≈≈≈≈≈≈≈..≈..........
..P≈≈≈≈†≈...≈....##.###.#
≈≈≈≈≈≈P≈.≈....#.###......
≈≈≈≈≈≈≈....#..#.# #.###.#
≈≈P≈....####.##.# #.# #.#
≈≈≈≈≈...# #.# .# #.# #.#
≈≈#.....# #.# #.. ≈
#...... #)# #..


You could see a hobgoblin.


Message History

HP[-4]
You take 4 damage, and now have 7/11 hp.
MASSIVE DAMAGE!! (PAUSE)
You are too injured to fight recklessly!
You are too injured to fight recklessly!
You are too injured to fight recklessly!
There are monsters nearby!
You are too injured to fight recklessly!
The jackal barely misses you.
A quokka comes into view.
The giant cockroach attacks as you move away!
The giant cockroach bites you. The jackal closely misses you.
The giant cockroach bites you.
* * * LOW HITPOINT WARNING * * *
HP[-2]
You take 2 damage, and now have 5/11 hp.
A hobgoblin comes into view.
The giant cockroach barely misses you.
The giant cockroach splashes around in the water.
You hit the jackal. Your grab misses the jackal. The jackal barely misses you.
The jackal bites you but does no damage.
You hit the jackal.
You kill the jackal!
Casting: Sandblast (safe; 4% risk of failure)
Confirm with . or Enter, or press ? or * to list all spells.
Aiming: Sandblast (safe; 4% risk of failure)
Press: ? - help, Shift-Dir - straight line, f - giant cockroach
Aim: a giant cockroach (79% to hit)
The blast of sand misses the giant cockroach.
MP[-1]
You lost 1 mp, and now have 2/3 mp.
The giant cockroach bites you.
* * * LOW HITPOINT WARNING * * *
HP[-1]
You take 1 damage, and now have 4/11 hp.
You hit the giant cockroach. You grab the giant cockroach.
You squeeze the giant cockroach, but do no damage.
You constrict the giant cockroach, but do no damage.
The giant cockroach barely misses you.
You hit the giant cockroach but do no damage.
You squeeze the giant cockroach.
You kill the giant cockroach!
You have reached level 2!
HP[+3] MP[+1]
You now have 17 max hp (+6).
You regained 3 hp, and now have 7/17 hp.
There are monsters nearby!
The hobgoblin shouts!
A hobgoblin is nearby!
The hobgoblin splashes around in the water.
You start resting.
The hobgoblin hits the plant.
The plant begins to die.
You start resting.
The hobgoblin hits the plant.
You start resting.
The hobgoblin splashes around in the water.
MP[+1]
The hobgoblin hits the plant.
A nearby plant withers and dies.
The jackal bites the plant.
The plant begins to die.
The jackal bites the plant.
HP[+1]
The jackal splashes around in the water.
The jackal bites the plant.
The jackal bites the plant.
The jackal splashes around in the water. x2
A nearby plant withers and dies.
MP[+1]
Your mp is fully restored (5).
A rat comes into view.
The quokka bites you.
* * * LOW HITPOINT WARNING * * *
HP[-1]
You take 1 damage, and now have 7/17 hp.
You closely miss the quokka. You grab the quokka. You constrict the quokka.
The quokka twitches its whiskers.
The quokka splashes around in the water.
You hit the quokka but do no damage. You squeeze the quokka.
You kill the quokka!
You miss the jackal. Your grab misses the jackal. The jackal barely misses you.
The jackal bites you.
* * * LOW HITPOINT WARNING * * *
HP[-2]
You take 2 damage, and now have 5/17 hp.
You hit the jackal. Your grab misses the jackal. The jackal barely misses you.
You hit the jackal.
You kill the jackal!
Things that are here:
a jackal corpse; a quokka corpse The rat barely misses you.
HP[+1]
You hit the rat.
You kill the rat!
You see here a rat corpse.
The hobgoblin hits you but does no damage.
You closely miss the hobgoblin. Your grab misses the hobgoblin.
Your squeeze misses the hobgoblin. The hobgoblin misses you.
You hit the hobgoblin. Your grab misses the hobgoblin.
Your squeeze misses the hobgoblin. The hobgoblin hits you.
* * * LOW HITPOINT WARNING * * *
The hobgoblin hits you.
You die...

Action                   || total
-------------------------++-------
Melee: Short sword       ||    21
       Tentacles         ||     5
       Constrict         ||     4
       Unarmed           ||     1
 Cast: Sandblast         ||     1
 Stab: Sleeping          ||     3
Armor: Skin              ||     2
Dodge: Dodged            ||    13

Levels and vault maps discovered:
D:1:      co_arrival_random_square_maze, layout_loops_ring, chequers_big_river

Notes
Turn   | Place    | Note
-------+----------+-------------------------------------------
     0 | D:1      | zeratav the Octopode Earth Elementalist began the quest for
                  | the Orb.
     0 | D:1      | Reached XP level 1. HP: 11/11 MP: 3/3
     0 | D:1      | magus.rc [v1.9.6]
   324 | D:1      | Reached XP level 2. HP: 7/17 MP: 3/5
   362 | D:1      | HP: 2/17 [hobgoblin (4)]
   362 | D:1      | Slain by a hobgoblin

Vanquished Creatures
  A dart slug (D:1)
  A giant cockroach (D:1)
  2 jackals (D:1)
  A quokka (D:1)
  A bat (D:1)
  A frilled lizard (D:1)
  A kobold (D:1)
  A rat (D:1)
9 creatures vanquished.

Vanquished Creatures (others)
  2 plants (D:1)
2 creatures vanquished.

Grand Total: 11 creatures vanquished

Table legend:
 A = Non-vault XP
 B = Vault XP
 C = Vault XP percentage of total XP
 D = Non-vault monster count
 E = Vault monster count
 F = Vault count percentage of total count
                 A         B        C        D         E       F
            +---------+---------+-------+---------+---------+-------
      Total |      16 |       0 |   0.0 |       9 |       0 |   0.0
            +---------+---------+-------+---------+---------+-------
        D:1 |      16 |       0 |   0.0 |       9 |       0 |   0.0
            +---------+---------+-------+---------+---------+-------

Illustrated notes

Table legend:
 A = Kills in this place as a percentage of kills in entire the game.
 B = Kills by you in this place as a percentage of kills by you in the entire game.
 C = Kills by friends in this place as a percentage of kills by friends in the entire game.
 D = Other kills in this place as a percentage of other kills in the entire game.
 E = Experience gained in this place as a percentage of experience gained in the entire game.
 F = Experience gained in this place divided by the number of levels of this place that you have seen.
                   A       B       C       D       E      F
               +-------+-------+-------+-------+-------+----------------------
         Total | 100.0 | 100.0 |   N/A |   N/A | 100.0 |  16.0
       Dungeon | 100.0 | 100.0 |   N/A |   N/A | 100.0 |  16.0
               +-------+-------+-------+-------+-------+----------------------

Table legend: (Time is in decaauts)
 A = Elapsed time spent in this place.
 B = Non-inter-level travel time spent in this place.
 C = Inter-level travel time spent in this place.
 D = Time resting spent in this place.
 E = Time spent auto-exploring this place.
 F = Levels seen in this place.
 G = Mean time per level.
                   A        B        C        D        E       F      G
               +--------+--------+--------+--------+--------+-----+--------+
         Total |    363 |    363 |      0 |      0 |    259 |   1 |  363.0 |
       Dungeon |    363 |    363 |      0 |      0 |    259 |   1 |  363.0 |
               +--------+--------+--------+--------+--------+-----+--------+

Top non-repeatable levels by time:
     D:1: 363 daAuts
